 Dungeon Crawl Stone Soup version 0.24.0-41-g2ae2f7f1be (webtiles) character file.

Game seed: 7473199630825161683, levelgen mode: deterministic

119 ReteAZ the Cudgeler (level 5, 0/45 HPs)
             Began as a Gargoyle Gladiator on Dec 12, 2019.
             Slain by Sigmund
             ... wielding a +1 scythe of protection
              (3 damage)
             ... on level 2 of the Dungeon.
             The game lasted 00:02:36 (1198 turns).

ReteAZ the Cudgeler (Gargoyle Gladiator)            Turns: 1198, Time: 00:02:37

Health: 0/45       AC:  8    Str: 23    XL:     5   Next: 3%
Magic:  5/5        EV: 12    Int:  9    God:
Gold:   105        SH:  0    Dex: 11    Spells: 4/4 levels left

rFire    . . .     SeeInvis .   a - +0 flail
rCold    . . .     Gourm    .   (no shield)
rNeg     + . .     Faith    .   b - +0 leather armour
rPois    ∞         Spirit   .   c - +0 helmet
rElec    +         Reflect  .   j - scarf {cloud immunity}
rCorr    .         Harm     .   (no gloves)
MR       .....                  (no boots)
Stlth    ..........             (no amulet)
HPRegen  0.15/turn              (no ring)
MPRegen  0.09/turn              (no ring)

@: berserking (expiring), flying, very quick
A: negative energy resistance 1, electricity resistance, unbreathing,
petrification resistance, rot immunity, AC +4
a: no special abilities


You were on level 2 of the Dungeon.
You were not hungry.

You visited 1 branch of the dungeon, and saw 2 of its levels.

You collected 105 gold pieces.

Inventory:

Hand Weapons
 a - a +0 flail (weapon)
Missiles
 d - 5 throwing nets (quivered)
 h - 79 stones
Armour
 b - a +0 leather armour (worn)
 c - a +0 helmet (worn)
 j - a scarf of cloud immunity (worn)
 n - a +0 plate armour
Jewellery
 m - a +5 ring of dexterity {unknown}
Scrolls
 g - a scroll of noise {unknown}
 l - a scroll of identify {unknown}
 o - a scroll of enchant weapon {unknown}
 p - a scroll of teleportation {unknown}
 s - a scroll of enchant armour {unknown}
 t - a scroll of remove curse {unknown}
 v - a scroll of immolation {unknown}
Potions
 i - a potion of flight
 k - a potion of magic
 q - a potion of curing
 r - a potion of agility
Comestibles
 f - 6 rations
 u - 2 chunks of flesh


   Skills:
 - Level 2.1 Fighting
 + Level 5.5 Maces & Flails
 - Level 1.7 Throwing
 - Level 2.4 Dodging


You had 4 spell levels left.
You didn't know any spells.
Your spell library was empty.

Dungeon Overview and Level Annotations

Branches:
Dungeon (2/15)

Altars:

Annotations:
D:2 Sigmund


Innate Abilities, Weirdness & Mutations

You are resistant to torment.
Your stone body is resilient. (AC +4)
You are immune to poison.
You resist negative energy. (rN+)
You are resistant to electric shocks. (rElec)
You can survive without breathing.
You are immune to petrification.
You are immune to rotting.


Message History

You barely miss something. Something hits you but does no damage.
You closely miss something. You sock something!
Something hits you but does no damage.
You miss something. You closely miss something. Something hits you.
* * * LOW HITPOINT WARNING * * *
You miss something. You closely miss something. Something hits you.
* * * LOW HITPOINT WARNING * * *
You barely miss something. You barely miss something.
You hear some strange, mumbled words.
A puff of flame appears from out of thin air!
The puff of flame hits you.
* * * LOW HITPOINT WARNING * * *
You miss something. Something hits you but does no damage.
You closely miss something.
You are too berserk!
You completely miss something. Something hits you.
You die...

.... .# ##
......########### ...
..##.. .......#.........
.. ...... ..
#.##.........). . #...#
#.# #.####.........
####..# #..# ..#
##......... #.....##...
#.###.......... .........#
#.##K.......... ..).....#
#.##{#......... ###.....#
####..@.#.........
#.....###....####.........
##........##.# ##########
###..######.# ....>.# #.#
...##.#.#####.######## ##
##.#....#.........#
##...####...........#
#..### ##..........#


You could see a kobold.

Vanquished Creatures
  A sky beast (D:2)
  A worm (D:2)
  A leopard gecko (D:2)
  3 bats (D:2)
  3 giant cockroaches
  4 goblins
  5 hobgoblins
  6 kobolds
  A frilled lizard (D:1)
  A rat (D:1)
26 creatures vanquished.

Notes
Turn   | Place    | Note
-------+----------+-------------------------------------------
     0 | D:1      | ReteAZ the Gargoyle Gladiator began the quest for the Orb.
     0 | D:1      | Reached XP level 1. HP: 12/12 MP: 1/1
   170 | D:1      | Reached XP level 2. HP: 17/17 MP: 2/2
   627 | D:2      | Noticed a sky beast
   655 | D:2      | Killed a sky beast
   655 | D:2      | Reached skill level 5 in Maces & Flails
   655 | D:2      | Reached XP level 3. HP: 6/21 MP: 3/3
   655 | D:2      | Reached XP level 4. HP: 7/26 MP: 4/4
   657 | D:2      | HP: 1/26 [worm (6)]
  1137 | D:2      | Reached XP level 5. HP: 29/30 MP: 5/5
  1161 | D:2      | Noticed Sigmund
  1195 | D:2      | HP: 2/45 [something/puff of flame (6)]
  1198 | D:2      | Slain by Sigmund

Levels and vault maps discovered:
D:1:      onia_arrival_mini_maze, layout_rooms
D:2:      layout_rooms, first_ration, uniq_terence, uniq_sigmund

Skill      XL: |  1  2 |
---------------+-------+-----
Maces & Flails | 5 |  5.5
Fighting       | |  2.1
Throwing       | |  1.7
Dodging        | |  2.4

Action                   |  1- 3 |  4- 6 || total
-------------------------+-------+-------++-------
Melee: Flail             |    60 |    53 ||   113
Throw: Throwing net      |       |     1 ||     1
  Use: Potion            |     3 |     2 ||     5
  Eat: Chunk             |       |     1 ||     1
Armor: Leather armour    |    31 |    29 ||    60
Dodge: Dodged            |    41 |    36 ||    77
